 Dungeon Crawl Stone Soup version 0.19.0 (webtiles) character file.

4 Franakus the Stinger (level 1, -1/11 HPs)
             Began as an Octopode Venom Mage on Nov 1, 2016.
             Slain by a kobold
             ... wielding a +0 short sword
              (6 damage)
             ... on level 1 of the Dungeon.
             The game lasted 00:00:56 (122 turns).

Franakus the Stinger (Octopode Venom Mage)           Turns: 122, Time: 00:00:59

Health: -1/11      AC:  1    Str:  7    XL:     1   Next: 70%
Magic:  3/3        EV: 13    Int: 17    God:
Gold:   40         SH:  0    Dex: 12    Spells: 1 memorised, 3 levels left

rFire  . . .     SeeInvis .     (no weapon)
rCold  . . .     Gourm    .     (no shield)
rNeg   . . .     Faith    .     (helmet restricted)
rPois  .         Spirit   .     (no amulet)
rElec  .         Reflect  .     (no ring)
rCorr  .         Harm     .     (no ring)
MR     .....                    (no ring)
Stlth  +++.......               (no ring)
                                (no ring)
                                (no ring)
                                (no ring)
                                (no ring)

@: no status effects
A: almost no armour, stealthy swim, amphibious, 8 rings, constrict 8, camouflage
1, gelatinous body 1
a: no special abilities


You were on level 1 of the Dungeon.
You were not hungry.

You visited 1 branch of the dungeon, and saw 1 of its levels.

You collected 40 gold pieces.

Inventory:

Missiles
 g - 14 sling bullets
Scrolls
 c - a scroll of teleportation {unknown}
 d - a scroll of remove curse {unknown}
Potions
 e - a potion of beneficial mutation {unknown}
 f - a potion of flight {unknown}
Books
 a - a Young Poisoner's Handbook

   Spells                             Type                      Level
   a - Sting                          Conjuration/Poison           1
   b - Mephitic Cloud                 Conjuration/Poison/Air       3
   c - Olgreb's Toxic Radiance        Poison                       4
   d - Alistair's Intoxication        Transmutation/Poison         5
   e - Venom Bolt                     Conjuration/Poison           5
Comestibles
 b - a bread ration


   Skills:
 + Level 2.0 Dodging
 + Level 2.6 Stealth
 + Level 2.0 Spellcasting
 + Level 5.0 Poison Magic


You had 3 spell levels left.
You knew the following spells:

 Your Spells              Type           Power        Failure   Level  Hunger
a - Sting                 Conj/Pois      ##..         10%         1    #......


Dungeon Overview and Level Annotations

Branches:
Dungeon (1/15)

Altars:


Innate Abilities, Weirdness & Mutations

You cannot wear most types of armour.
You are very stealthy in the water. (Stealth+)
You are amphibious.
You can wear up to eight rings at the same time.
You can use your tentacles to constrict eight enemies at once.
Your skin changes colour to match your surroundings (Stealth+).
Your rubbery body absorbs attacks. (AC +1, EV +1)


Message History

The kobold barely misses you.
You tentacle-slap the rat. You grab the rat.
The rat is heavily wounded.
You constrict the rat, but do no damage.
The rat completely misses you. The dart slug misses you. The kobold misses you.
You closely miss the kobold. Your grab misses the kobold.
The kobold is moderately wounded.
You constrict the rat.
You kill the rat!
The kobold misses you. The dart slug misses you.
You tentacle-slap the dart slug. You grab the dart slug.
The dart slug is lightly wounded.
You constrict the dart slug. The kobold closely misses you.
You barely miss the kobold. You grab the kobold.
The kobold is moderately wounded.
You constrict the kobold, but do no damage.
You constrict the dart slug. The dart slug barely misses you.
The kobold hits you with a short sword.
Ouch! That really hurt!
You die...

... #..............
.....####.#####..######
....#...............##
.....>.#.#####..#.....
?....#.#.# #..#.....
####....#.# #.......^
.........######.#.....
##.w#................
#.@K########.......
##..# #####.## #..# ###
#.## #... .....##.#.
##.## #........ #.#
#.#.##.#. #.# # #.##
..# #... ###.


You could see a dart slug and a kobold.

Vanquished Creatures
  A bat (D:1)
  A goblin (D:1)
  3 rats (D:1)
5 creatures vanquished.

Notes
Turn   | Place    | Note
-------+----------+-------------------------------------------
     0 | D:1      | Franakus the Octopode Venom Mage began the quest for the Orb.
     0 | D:1      | Reached XP level 1. HP: 11/11 MP: 3/3
    47 | D:1      | Reached skill level 5 in Poison Magic
   122 | D:1      | Slain by a kobold

Skill      XL: |  1 |
---------------+----+-----
Poison Magic   | 5 |  5.0
Dodging        | |  2.0
Stealth        | |  2.6
Spellcasting   | |  2.0

Action                   || total
-------------------------++-------
Melee: Unarmed           ||    13
       Constrict         ||     7
       Tentacles         ||     1
 Cast: Sting             ||     3
 Stab: Sleeping          ||     1
Armor: Skin              ||     1
Dodge: Dodged            ||    12
